Map: Pillars of Gold LE

Players

Varum - Winner!

  • Race: Zerg Zerg
  • League: Gold
  • Spawn Location: 1:00

Bassvantage

  • Race: Terran Terran
  • League: Platinum
  • Spawn Location: 7:00

VOD

Have the link to the VOD?

Description

Time

  • Played on: Dec. 25, 2020, 3:40 p.m.
  • Length: 25:28
Show
View Real Time Build Order
Export as new Build Order

Varum Zerg - Winner!

Build Orders: Hatch First, Roach Hydra 

Get SALT Encoding   

  12  0:00  Drone  
  13  0:14  Overlord  
  13  0:20  Drone  
  14  0:32  Drone x2  
  16  0:37  Drone  
  17  0:54  Hatchery  
  16  0:57  Drone  
  16  0:59  Extractor  
  16  1:03  Drone  
  17  1:18  Spawning Pool  
  16  1:20  Drone  
  16  1:25  Drone  
  18  1:30  Drone  
  19  1:40  Overlord  
  19  1:52  Drone  
  20  2:05  Queen  
  20  2:06  Queen  
  20  2:07  Metabolic Boost  
  24  2:12  Drone  
  25  2:17  Drone  
  25  2:18  Drone  
  25  2:20  Drone  
  28  2:24  Drone  
  28  2:29  Drone  
  30  2:50  Drone x4  
  34  2:54  Queen  
  34  2:56  Overlord  
  36  3:14  Queen  
  38  3:23  Hatchery  
  37  3:28  Zergling x4  
  37  3:31  Drone, Extractor  
  37  3:32  Drone x2  
  41  3:38  Drone x3  
  41  3:39  Overlord  
  41  3:40  Overlord  
  44  3:57  Queen  
  46  4:07  Evolution Chamber  
  46  4:09  Roach Warren  
  44  4:28  Extractor  
  44  4:29  Drone x3, Extractor  
  44  4:30  Drone x2  
  47  4:31  Drone x2  
  47  4:32  Drone x4  
  47  4:35  Zerg Missile Weapons Level 1  
  53  4:52  Roach x6  
  65  4:54  Overlord x3  
  65  4:59  Lair  
  65  5:12  Queen  
  67  5:27  Drone x3  
  70  5:30  Drone  
  70  5:31  Drone x11  
  82  5:39  Overlord  
  82  5:55  Pneumatized Carapace  
  82  6:06  Hydralisk Den, Drone  
  82  6:11  Glial Reconstitution  
  82  6:20  Evolution Chamber  
  81  6:28  Drone  
  81  6:29  Zerg Ground Armor Level 1, Drone x5, Extractor x2  
  81  6:31  Drone  
  81  6:32  Drone x2  
  88  6:33  Drone x3  
  88  6:36  Roach x3  
  88  6:38  Overlord x5  
  97  7:22  Hydralisk x6  
  97  7:23  Hydralisk x7  
  123  7:32  Hatchery  
  122  7:43  Overlord x6  
  122  7:54  Hatchery  
  122  7:56  Drone  
  122  7:59  Zerg Missile Weapons Level 2  
  122  8:02  Grooved Spines  
  122  8:57  Overlord  
  122  8:59  Overlord x3  
  122  9:01  Overlord  
  122  9:03  Overlord  
  122  9:05  Overlord  
  122  9:08  Overlord  
  122  9:11  Roach  
  122  9:12  Roach x20  
  122  9:13  Muscular Augments  
  122  9:16  Queen  
  164  10:13  Hydralisk x2  
  164  10:14  Hydralisk x16  
  200  10:28  Extractor x2  
  180  10:38  Spire  
  180  10:39  Infestation Pit, Spire  
  126  11:15  Hatchery  
  126  11:16  Hive  
  117  11:25  Hatchery  
  76  11:49  Corruptor x8  
  76  11:50  Corruptor x10  
  100  12:00  Overlord x2  
  86  12:16  Spore Crawler  
  86  12:18  Spore Crawler  
  76  12:43  Drone x3  
  79  12:49  Zerg Flyer Armor Level 1  
  79  12:50  Greater Spire  
  79  13:10  Drone x3  
  79  13:11  Drone  
  83  13:46  Drone x2  
  83  13:47  Drone  
  86  13:53  Hatchery  
  85  14:03  Drone x4  
  89  14:10  Brood Lord  
  91  14:25  Drone  
  91  14:26  Drone x5  
  97  14:35  Drone x4  
  101  14:46  Drone x4, Extractor  
  101  14:52  Drone x2  
  106  14:53  Drone  
  107  15:16  Drone x5  
  107  15:17  Drone x8  
  107  15:18  Drone  
  121  15:24  Zerg Flyer Armor Level 2  
  121  15:28  Drone x2  
  121  15:29  Drone  
  121  15:31  Drone  
  121  15:33  Drone x2  
  127  15:38  Extractor x2  
  127  15:39  Corruptor  
  127  15:43  Corruptor  
  127  15:44  Corruptor  
  127  15:48  Corruptor  
  133  15:52  Overlord  
  133  15:54  Corruptor  
  135  16:00  Zerg Flyer Weapons Level 1  
  135  16:09  Drone  
  135  16:10  Drone x3  
  135  16:11  Drone x8  
  147  16:32  Extractor  
  146  16:48  Corruptor x5  
  146  16:49  Corruptor x4  
  164  16:55  Drone  
  164  16:56  Drone  
  164  16:57  Drone x2  
  168  17:11  Brood Lord x5  
  168  17:12  Extractor  
  168  17:13  Overlord x2, Extractor  
  168  17:14  Overlord  
  178  17:44  Brood Lord x8  
  178  17:47  Corruptor x3  
  178  17:48  Corruptor  
  184  18:16  Drone x10  
  184  18:17  Drone x6  
  179  18:47  Overseer x8  
  114  20:17  Overseer  
  110  20:21  Overlord x3  
  110  20:22  Overlord x21  
  97  20:50  Overseer  
  97  20:55  Overseer  
  97  20:56  Overseer x2  
  87  21:19  Overseer x3  
  85  21:56  Corruptor x2  
  85  21:57  Corruptor x13  
  115  22:17  Spore Crawler  
  115  22:18  Spine Crawler  
  113  22:27  Overseer  
  109  23:27  Brood Lord x6  
  109  23:28  Brood Lord x7  
  113  24:30  Overseer  
  103  25:02  Overlord  
  103  25:03  Overlord x5  
  99  25:10  Overseer x2  
Show
View Real Time Build Order
Export as new Build Order

Bassvantage Terran 

Build Orders:  

Get SALT Encoding   

  12  0:00  SCV  
  13  0:12  SCV  
  14  0:18  Supply Depot  
  14  0:24  SCV  
  15  0:40  SCV  
  15  0:42  Barracks  
  16  0:52  SCV  
  17  0:59  Refinery  
  17  1:04  SCV  
  18  1:16  SCV  
  19  1:33  Command Center  
  19  1:35  Marine  
  20  1:49  Orbital Command  
  20  1:53  Marine  
  21  1:56  Refinery  
  21  2:12  Marine  
  22  2:26  Supply Depot  
  22  2:28  Factory, SCV  
  23  2:45  SCV  
  23  2:49  Bunker  
  24  2:54  Orbital Command  
  24  2:59  SCV  
  25  3:12  SCV  
  25  3:15  Starport  
  25  3:16  Factory Tech Lab  
  25  3:17  Marine  
  26  3:23  Supply Depot  
  26  3:24  SCV  
  27  3:34  Supply Depot  
  27  3:40  Marine  
  28  3:44  Siege Tank  
  28  3:47  SCV  
  32  3:51  SCV  
  33  3:57  Supply Depot  
  33  4:01  Fusion Core  
  33  4:02  Starport Tech Lab  
  33  4:13  SCV x2  
  35  4:19  Supply Depot  
  35  4:25  SCV  
  35  4:26  SCV  
  35  4:30  Siege Tank  
  40  4:40  SCV x2  
  42  4:47  Refinery  
  42  4:52  SCV x2  
  44  5:01  Battlecruiser  
  44  5:04  SCV x2  
  52  5:16  SCV x2  
  54  5:21  Engineering Bay  
  54  5:28  SCV  
  54  5:29  SCV  
  56  5:39  Supply Depot  
  56  5:40  SCV  
  56  5:41  SCV  
  58  5:48  Refinery  
  58  5:53  SCV x2  
  60  6:05  Battlecruiser, SCV x2  
  60  6:07  Starport  
  68  6:13  Supply Depot  
  68  6:14  Supply Depot  
  68  6:32  Starport  
  68  6:36  Factory Reactor  
  68  6:46  Starport Tech Lab  
  68  6:51  Supply Depot  
  68  6:52  Supply Depot  
  68  6:55  Weapon Refit  
  68  7:11  Battlecruiser  
  68  7:15  Hellion x2  
  78  7:29  Battlecruiser  
  84  7:36  Hellion x2  
  88  7:41  Supply Depot  
  88  7:42  Supply Depot  
  88  7:43  Supply Depot  
  88  7:44  Supply Depot  
  88  7:57  Battlecruiser, Command Center  
  88  7:58  Hellion x2  
  98  8:19  Hellion x2  
  102  8:40  Hellion x2  
  106  9:00  Battlecruiser x2  
  118  9:04  Hellion x2  
  122  9:20  Battlecruiser  
  128  9:25  Hellion  
  128  9:26  Hellion  
  130  9:47  Hellion  
  102  12:09  Battlecruiser x3  
  112  12:44  Widow Mine x2  
  112  12:51  Armory  
  112  13:05  Widow Mine x2  
  116  13:13  Battlecruiser x3  
  134  13:27  Widow Mine x2  
  138  13:33  Marine  
  139  13:48  Widow Mine x2  
  143  13:51  Marine  
  144  14:09  Widow Mine, Marine  
  149  14:10  Widow Mine  
  149  14:11  Factory  
  149  14:12  Terran Vehicle Weapons Level 1  
  149  14:15  Factory  
  149  14:26  Marine  
  149  14:31  Widow Mine x2  
  154  14:37  Planetary Fortress  
  154  14:44  Marine  
  155  14:52  Widow Mine  
  157  14:57  Factory Reactor  
  157  15:12  Missile Turret  
  157  15:13  Missile Turret  
  157  15:14  Missile Turret x3  
  157  15:15  Missile Turret  
  157  15:16  Missile Turret x2  
  157  15:17  Missile Turret  
  157  15:18  Missile Turret  
  157  15:42  Refinery  
  157  15:43  Refinery  
  157  15:46  Command Center  
  157  15:51  Command Center  
  157  16:22  Widow Mine x4  
  157  16:23  Widow Mine, Battlecruiser x2  
  179  16:35  Terran Vehicle Weapons Level 2  
  179  16:44  Widow Mine  
  181  16:57  Viking  
  181  16:58  Widow Mine x4, Command Center  
  191  17:05  Widow Mine  
  191  17:06  Planetary Fortress  
  193  17:19  Widow Mine x3  
  199  17:32  Supply Depot x2  
  156  19:39  Widow Mine x5  
  158  20:00  Widow Mine x2  
  158  20:01  Widow Mine x3  
  156  20:22  Widow Mine x5  
  58  21:57  Widow Mine  
  58  21:58  Widow Mine  
  58  21:59  Widow Mine x3  
  58  22:00  Starport Reactor  
  68  22:04  Starport Reactor  
  68  22:05  Starport Reactor  
  68  22:08  Orbital Command  
  68  22:10  Orbital Command  
  68  22:15  Missile Turret  
  68  22:18  Missile Turret  
  68  22:19  Widow Mine  
  68  22:20  Widow Mine x4, Missile Turret  
  68  22:21  Missile Turret  
  78  22:24  Missile Turret  
  78  22:25  Missile Turret x4  
  78  22:26  Missile Turret  
  78  22:28  Missile Turret x2  
  78  22:40  Widow Mine  
  78  22:41  Widow Mine x3  
  78  22:42  Widow Mine  
  88  22:53  Viking x4  
  88  22:54  Viking x2  
  90  23:02  Widow Mine  
  90  23:03  Widow Mine x4  
  94  23:23  Viking x4  
  94  23:24  Widow Mine, Viking x2  
  82  23:53  Viking x4  
  82  23:54  Viking x2  
  90  24:23  Viking x3  
Tags
 
Add a new tag
Caveats
  • Supply blocks, unpowered buildings, or Contaminate may cause inaccurate times.
  • Supply counts are checked every 10 seconds.